Map: 카이로스 정션 - 래더

Players

Solar - Winner!

  • Race: Zerg Zerg
  • Spawn Location: 5:00

gumiho

  • Race: Terran Terran
  • Spawn Location: 11:00

Event: IEM Season 13: Katowice (2019)

VOD

Have the link to the VOD?

Description

Time

  • Played on: March 1, 2019, 7:19 a.m.
  • Length: 10:23

All games in this series

Show
View Real Time Build Order
Export as new Build Order

Solar Zerg - Winner!

Build Orders: Hatch First, Swarm Host 

Get SALT Encoding   

  12  0:01  Drone  
  13  0:12  Overlord  
  13  0:17  Drone  
  14  0:31  Drone x2  
  16  0:47  Hatchery  
  15  0:51  Drone  
  15  0:54  Drone  
  17  0:57  Drone  
  18  1:09  Extractor  
  17  1:13  Spawning Pool  
  17  1:16  Drone  
  17  1:21  Drone  
  18  1:29  Drone  
  19  1:40  Drone  
  20  1:51  Overlord  
  20  2:00  Queen x2  
  20  2:01  Zergling x4  
  26  2:12  Drone x2  
  28  2:24  Hatchery  
  27  2:30  Drone  
  27  2:31  Drone  
  27  2:34  Metabolic Boost  
  29  2:38  Drone  
  30  2:44  Queen  
  30  2:50  Overlord  
  32  2:53  Drone  
  32  2:56  Drone  
  32  2:58  Drone  
  35  2:59  Drone  
  36  3:09  Drone x2  
  36  3:10  Drone x3  
  41  3:20  Queen, Overlord  
  41  3:22  Zergling x2  
  44  3:37  Queen, Drone  
  44  3:38  Drone  
  44  3:39  Drone x2  
  44  3:40  Zergling x2  
  44  3:41  Zergling x4  
  53  3:43  Drone  
  53  3:47  Overlord  
  54  3:51  Roach Warren  
  54  3:52  Drone  
  54  3:54  Zergling x2  
  55  3:57  Drone x2  
  55  4:00  Overlord  
  56  4:08  Lair  
  56  4:10  Drone  
  56  4:12  Extractor, Overlord  
  56  4:13  Extractor  
  55  4:18  Zergling x2  
  55  4:20  Drone x2  
  55  4:21  Drone x2  
  55  4:23  Overlord  
  60  4:25  Drone  
  60  4:28  Drone x2  
  60  4:29  Spore Crawler  
  60  4:30  Drone  
  63  4:32  Zergling x2  
  63  4:38  Roach x2  
  68  4:41  Roach  
  68  4:44  Spore Crawler  
  69  4:46  Drone x3  
  69  4:47  Drone  
  69  4:48  Drone  
  69  4:52  Overlord  
  74  4:54  Drone  
  74  4:55  Drone  
  74  4:59  Drone  
  77  5:00  Drone x2  
  77  5:03  Overlord  
  77  5:05  Overseer  
  77  5:06  Overseer  
  79  5:09  Glial Reconstitution  
  79  5:15  Drone x3  
  79  5:16  Extractor, Drone  
  79  5:17  Extractor  
  79  5:20  Overlord  
  81  5:25  Overlord  
  81  5:27  Drone  
  81  5:28  Drone x4  
  85  5:34  Overlord  
  85  5:40  Roach x4  
  93  5:47  Ravager x3  
  93  5:51  Drone  
  93  5:52  Evolution Chamber, Drone  
  93  5:53  Roach x3  
  93  5:55  Evolution Chamber, Overlord  
  99  5:57  Overlord  
  99  6:00  Overlord  
  99  6:02  Overlord  
  99  6:04  Drone  
  99  6:05  Drone  
  99  6:06  Drone  
  102  6:12  Infestation Pit  
  102  6:13  Drone x3  
  102  6:14  Extractor, Drone  
  102  6:15  Drone  
  102  6:17  Drone  
  106  6:20  Drone x2  
  106  6:22  Drone  
  108  6:26  Roach x2  
  108  6:30  Zerg Missile Weapons Level 1, Zerg Ground Armor Level 1  
  112  6:34  Overlord  
  112  6:36  Overlord  
  112  6:38  Overlord  
  110  6:40  Overlord  
  110  6:52  Swarm Host x4  
  110  6:53  Swarm Host  
  125  6:55  Swarm Host x2  
  125  6:59  Swarm Host  
  134  7:08  Hatchery  
  133  7:10  Swarm Host x2  
  139  7:16  Swarm Host  
  139  7:20  Swarm Host  
  144  7:23  Overlord  
  144  7:25  Swarm Host  
  144  7:26  Overlord  
  144  7:29  Swarm Host  
  150  7:31  Overlord  
  150  7:36  Roach x3  
  150  7:37  Roach  
  158  7:38  Swarm Host  
  158  7:40  Overlord  
  158  7:42  Swarm Host  
  164  7:44  Overlord  
  164  7:45  Roach  
  164  7:46  Roach  
  164  7:48  Overlord  
  168  7:55  Roach x2  
  168  7:56  Roach x3  
  169  8:06  Drone x2  
  169  8:07  Drone x2  
  169  8:08  Drone  
  169  8:10  Roach x2  
  169  8:11  Roach  
  179  8:13  Roach x2  
  183  8:20  Roach x2  
  187  8:28  Queen x3  
  187  8:29  Roach x2  
  187  8:30  Roach  
  187  8:31  Ravager  
  187  8:32  Roach  
  200  8:34  Roach  
  200  8:47  Roach x3  
  198  8:49  Roach  
  198  8:56  Roach  
  197  9:03  Roach x2  
  197  9:05  Roach x2  
  199  9:10  Roach  
  199  9:14  Roach  
  199  9:17  Ravager x2  
  198  9:21  Roach x2  
  198  9:22  Roach  
  198  9:24  Roach  
  199  9:25  Queen  
  199  9:29  Roach x2  
  196  9:32  Roach x3  
  191  9:39  Roach x4  
  191  9:44  Roach x3  
  200  10:03  Roach x2  
Show
View Real Time Build Order
Export as new Build Order

gumiho Terran 

Build Orders: Gas First Reaper Expand, Liberator Opening, Mech 

Get SALT Encoding   

  12  0:00  SCV  
  13  0:12  SCV  
  14  0:19  Supply Depot  
  14  0:24  SCV  
  14  0:27  Refinery  
  15  0:40  SCV  
  16  0:45  Barracks  
  16  0:52  SCV  
  17  1:04  SCV  
  18  1:16  SCV  
  19  1:31  Orbital Command  
  19  1:32  Reaper  
  20  1:42  Command Center  
  20  1:54  Factory  
  20  1:57  SCV  
  21  2:05  Refinery  
  21  2:06  Barracks Reactor  
  21  2:09  SCV  
  21  2:14  Supply Depot  
  22  2:21  SCV  
  23  2:36  SCV  
  24  2:38  Starport  
  24  2:48  SCV, Hellion x2  
  29  2:54  Orbital Command  
  29  3:00  SCV  
  30  3:09  Hellion x2  
  30  3:12  SCV  
  35  3:17  Viking  
  37  3:20  SCV  
  38  3:31  SCV, Hellion x2  
  43  3:35  SCV  
  43  3:38  Supply Depot  
  44  3:44  SCV  
  44  3:48  Starport Tech Lab, SCV  
  46  3:53  Barracks Tech Lab, Liberator  
  46  4:00  SCV x2  
  48  4:05  Command Center  
  48  4:12  SCV x2  
  53  4:20  Marine  
  53  4:24  Supply Depot  
  54  4:26  Marine  
  54  4:27  Siege Tank, SCV x2  
  54  4:29  Supply Depot  
  60  4:39  SCV x2  
  60  4:45  Marine x2  
  64  4:48  Supply Depot  
  64  4:52  Armory  
  64  4:55  Banshee  
  64  4:59  Siege Tank  
  70  5:00  SCV  
  70  5:01  SCV  
  70  5:03  Marine x2  
  74  5:08  Refinery  
  74  5:09  Refinery  
  74  5:13  SCV x2  
  76  5:16  Supply Depot  
  76  5:20  Orbital Command  
  76  5:25  SCV x2  
  78  5:37  SCV  
  78  5:38  SCV  
  78  5:40  Factory  
  80  5:45  Factory, Hellion x2  
  80  5:46  Orbital Command  
  84  5:51  SCV x2  
  84  5:54  Factory  
  86  6:02  Terran Vehicle And Ship Armor Level 1  
  86  6:03  Engineering Bay, SCV x2  
  88  6:06  Hellion  
  90  6:13  SCV  
  90  6:15  SCV x2  
  93  6:23  Refinery  
  93  6:24  Mag-Field Accelerator, Supply Depot  
  93  6:25  Cyclone, SCV  
  97  6:27  SCV  
  97  6:28  SCV  
  97  6:31  Refinery  
  99  6:37  SCV  
  100  6:41  Factory Tech Lab x2  
  100  6:43  Hellion x2  
  100  6:45  SCV x2  
  106  6:48  Missile Turret  
  106  6:49  SCV  
  106  6:52  Missile Turret  
  107  6:57  Missile Turret, Cyclone, SCV x2  
  112  7:02  Cyclone  
  112  7:04  Factory  
  112  7:07  Starport Reactor, Supply Depot  
  115  7:09  SCV, Supply Depot  
  115  7:10  Supply Depot  
  115  7:11  SCV  
  117  7:25  SCV  
  117  7:26  Command Center  
  117  7:28  SCV x2  
  117  7:29  Liberator x2  
  119  7:30  Infernal Pre-Igniter, Cyclone  
  119  7:32  Cyclone  
  125  7:42  Cyclone, Hellion  
  125  7:43  Hellion  
  132  7:50  Cyclone  
  139  8:05  Terran Vehicle And Ship Armor Level 2  
  139  8:06  Missile Turret x2  
  134  8:15  Liberator, Cyclone  
  134  8:16  Cyclone, Hellion x3  
  140  8:20  Liberator  
  140  8:25  Hellion  
  140  8:26  Supply Depot x2  
  138  8:28  Supply Depot  
  138  8:29  Supply Depot  
  144  8:42  Cyclone  
  144  8:43  Hellion x2  
  144  8:46  Hellion  
  144  8:48  Hellion  
  155  8:50  Hellion  
  144  9:05  Hellion  
  144  9:07  Cyclone  
  144  9:09  Cyclone  
  128  9:10  Liberator  
  128  9:11  Cyclone  
  128  9:12  Hellion  
  128  9:14  Cyclone  
  131  9:23  Liberator  
  120  9:33  Hellion  
  113  9:40  Cyclone  
  113  9:41  Cyclone  
  113  9:44  Hellion  
  109  9:47  Hellion  
  87  9:53  SCV  
  87  9:54  SCV  

Tags
 
Add a new tag
Caveats
  • Supply blocks, unpowered buildings, or Contaminate may cause inaccurate times.
  • Supply counts are checked every 10 seconds.